 Dungeon Crawl Stone Soup version 0.16-a0-3246-g12054e0 (webtiles) character file.

251756 Ololoev the Spry (level 19, -7/146 HPs)
             Began as a Merfolk Abyssal Knight on Dec 19, 2014.
             Was the Champion of Lugonu.
             Mangled by a fire crab (9 damage)
             ... on level 3 of the Abyss on Dec 22, 2014.
             The game lasted 03:08:18 (46008 turns).

Ololoev the Spry (Merfolk Abyssal Knight)          Turns: 46008, Time: 03:08:18

Health: -7/146     AC: 20    Str: 24    XL:     19   Next: 67%
Magic:  8/32       EV: 16    Int: 10    God:    Lugonu [******]
Gold:   3621       SH: 13    Dex: 14    Spells: 3 memorised, 11 levels left

rFire  . . .     SeeInvis .     p - +1 demon trident (freeze)
rCold  . . .     Clarity  +     F - +4 plate armour {rPois}
rNeg   + . .     SustAb   .     L - +1 shield {reflect}
rPois  +         Gourm    .     U - +0 helmet of Crawling {Str+2}
rElec  .         Spirit   .     T - -1 cloak of the Hurricane {rN+ rCorr Str+3 Dex+3} (curse)
rCorr  +         Warding  .     (no gloves)
rMut   .         Stasis   .     O - +2 pair of boots of the Assassin {Stlth++}
MR     ++...                    k - amulet of regeneration
Stlth  ..........               I - +5 ring of strength
                                f - +5 ring of slaying

@: about to teleport, very slightly contaminated, hasted, very quick, very
resistant to hostile enchantments, extremely unstealthy
A: change form in water, swift swim, camouflage 1, blurry vision 1, clarity,
clumsy 2, deformed body, deterioration 1, dopey 1, frail 3, magic resistance 1,
robust 2, screaming 3, slow healing 2, weak 2, evolution 1, no device heal 2,
placid magic 3, MP-powered wands 3
a: Depart the Abyss, Bend Space, Banish, Corrupt, Enter the Abyss, Renounce
Religion
}: 2/15 runes: serpentine, barnacled


You were on level 3 of the Abyss.
You worshipped Lugonu.
Lugonu was exalted by your worship.
You were very hungry.

You visited 5 branches of the dungeon, and saw 35 of its levels.
You visited the Abyss 2 times.
You also visited: Labyrinth, Sewer, Bailey and Ice Cave.

You collected 4040 gold pieces.
You spent 419 gold pieces at shops.

Notes
Turn   | Place    | Note
--------------------------------------------------------------
     0 | Abyss:1  | Ololoev, the Merfolk Abyssal Knight, began the quest for the Orb.
     0 | Abyss:1  | Reached XP level 1. HP: 18/18 MP: 1/1
   105 | Abyss:1  | Noticed a starcursed mass
   114 | Abyss:1  | Noticed a small abomination
   129 | D:1      | Escaped the Abyss
   444 | D:1      | Reached skill level 4 in Polearms
   444 | D:1      | Reached XP level 2. HP: 22/24 MP: 2/2
   453 | D:1      | Acquired Lugonu's first power
   802 | D:1      | Reached XP level 3. HP: 27/29 MP: 3/3
  1017 | D:2      | Acquired Lugonu's second power
  1025 | D:2      | Reached skill level 5 in Polearms
  1310 | D:2      | Noticed Ijyb
  1322 | D:2      | Killed Ijyb
  1322 | D:2      | Reached skill level 6 in Polearms
  1322 | D:2      | Reached XP level 4. HP: 35/35 MP: 5/5
  1583 | D:2      | Reached skill level 1 in Armour
  1831 | D:3      | Found a radiant altar of Vehumet.
  1834 | D:3      | Acquired Lugonu's third power
  1863 | D:3      | Reached XP level 5. HP: 41/41 MP: 7/7
  2186 | D:3      | Reached skill level 7 in Polearms
  2197 | D:3      | Reached XP level 6. HP: 35/47 MP: 10/10
  2516 | D:4      | Reached skill level 8 in Polearms
  2735 | D:4      | Found a deep blue altar of Sif Muna.
  2871 | D:4      | Acquired Lugonu's fourth power
  2871 | D:4      | Reached XP level 7. HP: 40/52 MP: 12/12
  2973 | D:4      | Found a staircase to the Ecumenical Temple.
  3053 | D:4      | Noticed Natasha
  3056 | D:4      | Killed Natasha
  3110 | D:4      | Noticed Eustachio
  3130 | D:4      | Killed Eustachio
  3130 | D:4      | Reached skill level 9 in Polearms
  3234 | D:4      | Noticed Pikel
  3440 | D:4      | Killed Pikel
  3440 | D:4      | Reached skill level 10 in Polearms
  3440 | D:4      | Reached skill level 5 in Invocations
  3440 | D:4      | Reached XP level 8. HP: 25/58 MP: 13/15
  3710 | D:5      | Entered Level 5 of the Dungeon
  4452 | D:5      | Found a burning altar of Makhleb.
  4538 | D:6      | Reached skill level 11 in Polearms
  4560 | D:6      | Reached skill level 5 in Armour
  4560 | D:6      | Reached XP level 9. HP: 47/64 MP: 17/17
  4620 | D:6      | Found a glowing drain.
  4680 | Sewer    | Entered a sewer
  4749 | Sewer    | Acquired Lugonu's fifth power
  4764 | Sewer    | Noticed InterDimensionalOwl's ghost (average HOBe)
  4787 | Sewer    | Killed InterDimensionalOwl's ghost
  4787 | Sewer    | Reached skill level 1 in Evocations
  5609 | D:6      | Reached skill level 12 in Polearms
  5906 | D:6      | Noticed Crazy Yiuf
  5911 | D:6      | Killed Crazy Yiuf
  6151 | D:7      | Found a blossoming altar of Fedhas.
  6186 | D:7      | Found a snail-covered altar of Cheibriados.
  6186 | D:7      | Found a shimmering altar of Xom.
  6402 | D:7      | Found Usaumuq's Weapon Emporium.
  7422 | D:8      | Reached skill level 13 in Polearms
  7703 | D:8      | Found a shattered altar of Ashenzari.
  7730 | D:8      | Reached XP level 10. HP: 70/70 MP: 18/18
  8180 | D:9      | Reached skill level 14 in Polearms
  8270 | D:9      | Noticed an elephant
  8295 | D:9      | Killed an elephant
  8295 | D:9      | Reached skill level 5 in Evocations
  8336 | D:9      | Found a staircase to the Lair.
  8578 | D:9      | Found Meptuch's General Store.
  8592 | D:9      | Bought a scroll of random uselessness for 14 gold pieces
  8723 | D:9      | Found a white marble altar of Elyvilon.
  8723 | D:9      | Found a glowing golden altar of the Shining One.
  8724 | D:9      | Found a glowing silver altar of Zin.
  8827 | D:9      | Found a bloodstained altar of Trog.
  8872 | D:9      | Found a staircase to the Orcish Mines.
  9279 | D:9      | Found a shattered altar of Ashenzari.
  9294 | D:9      | Found a stormy altar of Qazlal.
  9310 | D:9      | Found an iron altar of Okawaru.
  9314 | D:9      | Found a sparkling altar of Nemelex Xobeh.
  9633 | D:10     | Entered Level 10 of the Dungeon
  9704 | D:10     | Reached skill level 5 in Fighting
  9775 | D:10     | Reached XP level 11. HP: 70/80 MP: 21/21
 10107 | D:10     | Found a white marble altar of Elyvilon.
 10874 | D:11     | Found a flagged portal.
 10890 | Bailey   | Entered a bailey
 11186 | Bailey   | Noticed an orc knight
 11219 | Bailey   | Killed an orc knight
 11537 | D:11     | Noticed a seven-headed hydra
 11538 | D:11     | Banished a seven-headed hydra
 11839 | D:11     | Found an ancient bone altar of Kikubaaqudgha.
 12091 | D:11     | Reached skill level 10 in Evocations
 12115 | D:11     | Noticed an unseen horror
 12123 | D:11     | Killed an unseen horror
 12586 | D:12     | Noticed a hill giant
 12588 | D:12     | Banished a hill giant
 12672 | D:12     | Reached XP level 12. HP: 72/91 MP: 25/25
 12941 | D:12     | Noticed Erolcha
 12941 | D:12     | Paralysed by Erolcha for 5 turns
 12947 | D:12     | Killed Erolcha
 13536 | D:12     | Found a glowing silver altar of Zin.
 14451 | D:13     | Noticed a tengu warrior
 14467 | D:13     | Killed a tengu warrior
 14557 | D:13     | Noticed an eight-headed hydra
 14574 | D:13     | Banished an eight-headed hydra
 15050 | D:13     | Reached skill level 5 in Dodging
 15251 | D:13     | Noticed a four-headed hydra
 15261 | D:13     | Killed a four-headed hydra
 15686 | D:12     | Reached XP level 13. HP: 99/101 MP: 28/28
 15704 | D:12     | Noticed a centaur warrior
 15729 | D:12     | Killed a centaur warrior
 16209 | Lair:1   | Entered Level 1 of the Lair of Beasts
 16453 | Lair:1   | Found an iron altar of Okawaru.
 17862 | Lair:1   | Reached skill level 10 in Fighting
 17971 | Lair:1   | Noticed braks' ghost (powerful DrFE)
 17982 | Lair:1   | Killed braks' ghost
 18401 | Lair:2   | Found a frozen archway.
 18568 | IceCv    | Entered an ice cave
 18828 | IceCv    | Reached skill level 10 in Dodging
 19603 | IceCv    | Noticed a frost giant
 19622 | IceCv    | Reached skill level 15 in Polearms
 19626 | IceCv    | Killed a frost giant
 19851 | IceCv    | Got a shimmering turquoise ring
 19868 | IceCv    | Identified the ring "Qat Shri" {SustAb Int+3 Dex+5} (You found it in an ice cave)
 20481 | Lair:2   | Reached skill level 1 in Shields
 20595 | Lair:3   | Found a staircase to the Snake Pit.
 20632 | Lair:3   | Reached XP level 14. HP: 97/111 MP: 29/29
 20862 | Lair:3   | Found a staircase to the Shoals.
 21128 | Lair:3   | Noticed Erica
 21147 | Lair:3   | Killed Erica
 21431 | Lair:3   | Found a basalt altar of Yredelemnul.
 21740 | Lair:4   | Upgraded the game from 0.16-a0-3210-ge5ae1c3 to 0.16-a0-3246-g12054e0
 22391 | Lair:5   | Reached skill level 16 in Polearms
 22510 | Lair:5   | Gained mutation: Your skin changes colour to match your surroundings (Stealth). [potion of mutation]
 22510 | Lair:5   | Gained mutation: [Potions and wands are less effective at restoring your health.] [potion of mutation]
 22511 | Lair:5   | Gained mutation: You have a pair of small antennae on your head. [potion of mutation]
 22511 | Lair:5   | Gained mutation: You are agile. (Dex +2) [potion of mutation]
 22511 | Lair:5   | Gained mutation: You evolve. [potion of mutation]
 22512 | Lair:5   | Lost mutation: You are agile. (Dex +2) [potion of mutation]
 22512 | Lair:5   | Gained mutation: You tend to lose your temper in combat. [potion of mutation]
 22513 | Lair:5   | Lost mutation: You tend to lose your temper in combat. [potion of cure mutation]
 22513 | Lair:5   | Lost mutation: You have a pair of small antennae on your head. [potion of cure mutation]
 23845 | Lair:6   | Reached skill level 5 in Shields
 24126 | Lair:6   | Found a shimmering altar of Xom.
 24915 | Lair:7   | Found a viscous altar of Jiyva.
 24917 | Lair:7   | Found a staircase to the Slime Pits.
 25815 | Lair:7   | Got a scorched war axe
 25816 | Lair:7   | Identified the +2 war axe of Success {chop, Contam +Inv MR+ Str+3} (You found it on level 7 of the Lair of Beasts)
 26210 | Lair:8   | Entered Level 8 of the Lair of Beasts
 26672 | Lair:8   | Reached XP level 15. HP: 82/122 MP: 29/29
 27031 | Lair:8   | Reached skill level 10 in Armour
 27236 | Lair:8   | Gained mutation: You are robust (+10% HP). [evolution]
 28087 | Shoals:1 | Entered Level 1 of the Shoals
 28697 | Shoals:1 | Noticed Sonja
 28703 | Shoals:1 | Killed Sonja
 29391 | Shoals:1 | Identified 2 scrolls of acquirement
 29882 | Shoals:2 | Found Suxeav's Antique Weapon Boutique.
 31164 | Shoals:2 | Reached skill level 15 in Dodging
 31817 | Shoals:3 | Reached XP level 16. HP: 122/145 MP: 24/30
 31922 | Shoals:3 | Noticed Ilsuiw
 31927 | Shoals:3 | Killed Ilsuiw
 33226 | Shoals:4 | Got a translucent war axe
 33354 | Shoals:4 | Identified the +11 war axe of Action {speed, Dex+4 SInv} (You found it on level 4 of the Shoals)
 33435 | Shoals:4 | Learned a level 4 spell: Control Teleport
 34213 | Shoals:5 | Entered Level 5 of the Shoals
 34216 | Shoals:5 | Noticed Louise
 34239 | Shoals:5 | Killed Louise
 34332 | Shoals:5 | Got an encrusted cloak
 34333 | Shoals:5 | Identified the cursed -1 cloak of the Hurricane {rN+ rCorr Str+3 Dex+3} (You found it on level 5 of the Shoals)
 34440 | Shoals:5 | Noticed Roxanne
 34605 | Shoals:5 | Reached skill level 15 in Fighting
 34698 | Shoals:5 | Got a twisted glaive
 34699 | Shoals:5 | Identified the cursed +1 glaive of Pheimn {vamp, Contam +Fly SInv} (You found it on level 5 of the Shoals)
 34824 | Shoals:5 | Got a barnacled rune of Zot
 35190 | Shoals:5 | Reached XP level 17. HP: 97/156 MP: 11/31
 35235 | Shoals:5 | Reached skill level 17 in Dodging
 35403 | Shoals:5 | Gained mutation: You are resistant to hostile enchantments. [evolution]
 35595 | Shoals:5 | Noticed Jorgrun
 35624 | Shoals:5 | Killed Jorgrun
 35983 | Snake:1  | Entered Level 1 of the Snake Pit
 36569 | Snake:1  | Got a distressingly furry helmet
 36570 | Snake:1  | Identified the +0 helmet of Crawling {Str+2} (You acquired it on level 1 of the Snake Pit)
 37552 | Snake:2  | Learned a level 1 spell: Apportation
 37557 | Snake:2  | Learned a level 2 spell: Blink
 37657 | Snake:2  | Noticed Donald
 37658 | Snake:2  | Gained mutation: You possess an exceptional clarity of mind. [helix card]
 37678 | Snake:2  | Killed Donald
 38070 | Snake:3  | Reached skill level 18 in Dodging
 38391 | Snake:3  | Found a bloodstained altar of Trog.
 39177 | Snake:4  | Noticed Asterion
 39203 | Snake:4  | Noticed a spectral weapon
 39209 | Snake:4  | Killed a spectral weapon
 39216 | Snake:4  | Killed Asterion
 39216 | Snake:4  | Reached XP level 18. HP: 112/168 MP: 15/32
 39299 | Snake:4  | Noticed Saint Roka
 39337 | Snake:4  | Killed Saint Roka
 39406 | Snake:4  | Gained mutation: You are very robust (+20% HP). [evolution]
 39562 | Snake:4  | Noticed Vashnia
 39590 | Snake:4  | Killed Vashnia
 40023 | Snake:5  | Entered Level 5 of the Snake Pit
 40104 | Snake:5  | Noticed Rupert
 40106 | Snake:5  | Noticed runewalsh's ghost (mighty OpIE)
 40120 | Snake:5  | Killed runewalsh's ghost
 40137 | Snake:5  | Killed Rupert
 41110 | Snake:5  | Corrupted Snake:5
 41171 | Snake:5  | Got a serpentine rune of Zot
 41209 | Snake:5  | Reached skill level 19 in Dodging
 41508 | Snake:1  | Reached skill level 10 in Shields
 41726 | Orc:1    | Entered Level 1 of the Orcish Mines
 42245 | Orc:1    | Found a roughly hewn altar of Beogh.
 42509 | Orc:2    | Reached skill level 1 in Translocations
 42748 | Orc:2    | Reached XP level 19. HP: 193/193 MP: 32/32
 42846 | Orc:3    | Found Brerouma's General Store.
 43144 | Orc:3    | Found a staircase to the Elven Halls.
 43590 | Orc:4    | Entered Level 4 of the Orcish Mines
 43592 | Orc:4    | Found a labyrinth entrance.
 43634 | Lab      | Entered a labyrinth
 43723 | Lab      | Identified a +5 rod of ignition (10/10) (You found it in a labyrinth)
 43827 | Orc:4    | Found Jeuheapp's Jewellery Shoppe.
 44307 | Orc:4    | Found Suonudyosy's Antique Armour Shoppe.
 44308 | Orc:4    | Found Fayqoll's Antique Weapon Shoppe.
 44309 | Orc:4    | Found Blaenkut's General Store.
 44309 | Orc:4    | Found Yphazxayk's Jewellery Emporium.
 44334 | Orc:4    | Bought the ring of Jeshra {rN+ SInv} for 405 gold pieces
 45013 | Abyss:2  | Found a corrupted altar of Lugonu.
 45527 | Abyss:2  | Reached skill level 5 in Translocations
 45629 | Abyss:3  | Found a corrupted altar of Lugonu.
 45661 | Abyss:3  | Noticed a bone dragon
 45965 | Abyss:3  | Paralysed by accursed screaming for 1 turns
 46007 | Abyss:3  | HP: 1/146 [fire crab] (14)]
 46008 | Abyss:3  | Mangled by a fire crab

Inventory:

Hand weapons
 p - a +1 demon trident of freezing (weapon)
 z - a +9 vampiric trident
Armour
 F - a +4 plate armour of poison resistance (worn)
 L - a +1 shield of reflection (worn)
 O - the +2 pair of boots of the Assassin (worn) {Stlth++}
   (You found it on level 13 of the Dungeon)

   It makes you much more stealthy.
 Q - a +2 plate armour of cold resistance
 T - the cursed -1 cloak of the Hurricane (worn) {rN+ rCorr Str+3 Dex+3}
   (You found it on level 5 of the Shoals)

   It affects your strength (+3).
   It affects your dexterity (+3).
   It protects you from negative energy.
   It protects you from acid and corrosion.
   It has a curse placed upon it.
 U - the +0 helmet of Crawling (worn) {Str+2}
   (You acquired it on level 1 of the Snake Pit)

   It affects your strength (+2).
Rods
 A - a +5 rod of ignition (10/10)
   (You found it in a labyrinth)
Jewellery
 f - a +5 ring of slaying (left hand)
 k - an amulet of regeneration (around neck)
 o - the ring of Jeshra {rN+ SInv}
   (You bought it in a shop on level 4 of the Orcish Mines)

   [ring of positive energy]

   It protects you from negative energy.
   It enhances your eyesight.
 w - an uncursed amulet of guardian spirit
 I - a +5 ring of strength (right hand)
 P - an uncursed ring of flight
Magical devices
 q - a wand of disintegration (7)
 s - a wand of lightning (2)
 J - a wand of cold (6)
 K - a wand of digging (1)
 M - a wand of cold (5)
 N - a wand of teleportation (0)
 R - a wand of teleportation (3)
 X - a wand of lightning (2)
Scrolls
 g - 4 scrolls of immolation
 h - 3 scrolls of blinking
 r - 16 scrolls of remove curse
 t - 2 scrolls of summoning
 v - 5 scrolls of magic mapping
 y - a scroll of fear
 C - 6 scrolls of fog
 D - 6 scrolls of teleportation
 E - 3 scrolls of recharging
Potions
 a - a potion of berserk rage
 b - 6 potions of flight
 e - 3 potions of invisibility
 m - 12 potions of brilliance
 n - 14 potions of curing
 u - a potion of haste
 x - a potion of might
 H - 5 potions of restore abilities
Miscellaneous
 i - a stone of tremors (inert, charging)
 j - an ornate deck of changes {drawn: 4}
 G - a legendary deck of changes
 V - a lamp of fire (inert, charging)
Comestibles
 c - 14 bread rations
 d - 4 beef jerkies
 l - 14 meat rations

Table legend:
 A = Turns spent in this place as a percentage of turns spent in the entire game.
 B = Non-inter-level travel turns spent in this place as a percentage of non-inter-level travel turns spent in the entire game.
 C = Inter-level travel turns spent in this place as a percentage of turns spent in this place.
 D = Turns resting spent in this place as a percentage of non-inter-level travel turns spent in this place.
 E = Turns spent auto-exploring this place as a percentage of non-inter-level travel turns spent in this place.
 F = Non-inter-level travel turns spent in this place divided by the number of levels of this place that you've seen.
                   A       B       C       D       E      F
               +-------+-------+-------+-------+-------+----------------------
         Total | 100.0 | 100.0 |   0.4 |   3.1 |   7.2 | 431.7
       Dungeon |  22.7 |  22.6 |   0.8 |   4.8 |  10.8 | 322.6
          Lair |  22.4 |  22.4 |   0.4 |   1.9 |   6.6 | 519.0
        Shoals |  15.0 |  15.0 |   0.3 |   4.9 |   4.6 | 558.4
     Snake Pit |  18.2 |  18.2 |   0.3 |   2.2 |   6.7 | 677.6
  Orcish Mines |  11.2 |  11.2 |   0.3 |   0.1 |  10.4 | 519.0
         Abyss |   5.4 |   5.4 |   0.0 |   4.6 |   0.5 | 251.8
     Labyrinth |   0.6 |   0.6 |   0.0 |   0.0 |   0.0 | 118.0
         Sewer |   1.2 |   1.2 |   0.0 |   0.0 |   5.6 | 215.0
        Bailey |   1.2 |   1.2 |   0.0 |   7.4 |   3.9 | 231.0
      Ice Cave |   2.1 |   2.1 |   0.0 |   5.6 |   3.1 | 392.0
               +-------+-------+-------+-------+-------+----------------------


   Skills:
 + Level 17.8 Fighting
 - Level 16.0 Polearms
 + Level 13.5 Armour
 - Level 19.0 Dodging
 - Level 10.0 Shields
 * Level 6.0 Translocations
 - Level 5.0 Invocations
 - Level 12.0 Evocations


You had 11 spell levels left.
You knew the following spells:

 Your Spells              Type           Power        Failure   Level  Hunger
a - Control Teleport      Chrm/Tloc      #.........   100%        4    #####..
b - Apportation           Tloc           #.........   24%         1    ##.....
c - Blink                 Tloc           N/A          50%         2    ###....


Dungeon Overview and Level Annotations

Branches:
Dungeon (13/15)            Temple (0/1) D:4            Lair (8/8) D:9
 Shoals (5/5) Lair:3        Snake (5/5) Lair:3        Slime (0/6) Lair:7
    Orc (4/4) D:9             Elf (0/3) Orc:3
 Vaults: D:13-14

Altars:
Ashenzari
Cheibriados
Elyvilon
Fedhas
Kikubaaqudgha
Makhleb
Nemelex Xobeh
Okawaru
Qazlal
Sif Muna
Trog
Vehumet
Xom
Yredelemnul
Zin
The Shining One
Beogh
Jiyva

Shops:
D:7 (   D:9 *   Orc:3 *   Orc:4 =[*(=   Shoals:2 (

Annotations:
Shoals:5 exclusion: Roxanne, Roxanne
Snake:5 corrupted


Innate Abilities, Weirdness & Mutations

You revert to your normal form in water.
You are very nimble and swift while swimming.
Your skin changes colour to match your surroundings (Stealth).
You possess an exceptional clarity of mind.
You are resistant to hostile enchantments.
You are very robust (+20% HP).
You evolve.
[Scrolls take you a little longer to read.]
[You are very clumsy. (Dex -4)]
[Armour fits poorly on your strangely shaped body.]
[Your body is slowly deteriorating.]
[You are dopey. (Int -2)]
[You are extremely frail (-30% HP).]
[You frequently scream uncontrollably at your foes.]
[You do not heal naturally when monsters are visible.]
[You are very weak. (Str -4)]
[Potions and wands are poor at restoring your health.]
[Your spells are much easier to cast, but much less powerful.]
[You expend magic power (18 MP) to make your wands much stronger.]


Message History

The fire crab barely misses you. The ice statue throws cold at you.
The freezing blast engulfs you! The catoblepas gores you!
You are engulfed in freezing vapours.
The fire crab is engulfed in freezing vapours.
Read which item? (? for menu, Esc to quit)
The catoblepas barely misses you.
You begin reading the scroll.
You continue reading the scroll.
You are feeling very hungry.
The fire crab is engulfed in freezing vapours.
You block the fire crab's attack. x3
The fire crab claws you.
You are engulfed in flames!
As you read the scroll of fog, it crumbles to dust.
The scroll dissolves into smoke.
The catoblepas breathes a plume of calcifying dust at you.
The blast of calcifying dust hits you!
Drink which item? (? for menu, Esc to quit)
You feel much better.
The fire crab is engulfed in freezing vapours.
The fire crab breathes flames at you. The blast of flame engulfs you!
The fire crab breathes flames at you. The blast of flame engulfs you!
Unknown command.
The fire crab is engulfed in freezing vapours.
The fire crab breathes flames at you. The blast of flame engulfs you!
The catoblepas breathes a plume of calcifying dust at you.
The blast of calcifying dust hits you!
Read which item? (? for menu, Esc to quit)
You are engulfed in roaring flames.
You begin reading the scroll.
You continue reading the scroll.
You are engulfed in roaring flames.
As you read the scroll of teleportation, it crumbles to dust.
You feel strangely unstable.
You feel the power of the Abyss delaying your translocation.
Drink which item? (? for menu, Esc to quit)
You feel better.
You are engulfed in roaring flames.
The fire crab bites you.
You are engulfed in flames!
You die...

#####≈.#. .
##§≈≈≈≈..#...
##≈§§.§...#....
##≈≈.§.§§.....#
#≈≈...§.§§.§#.#
#≈.> ...§§§§§.#
#≈ ...§§D§§§##
##≈≈..§§Yt§§§#
##≈§§.§t@§§#§.#
##§≈≈≈§.### #.
#####≈.# ..##
..#. #.# # ##


You could see a catoblepas, a swamp dragon and 2 fire crabs.

Table legend:
 A = Kills in this place as a percentage of kills in entire the game.
 B = Kills by you in this place as a percentage of kills by you in the entire game.
 C = Kills by friends in this place as a percentage of kills by friends in the entire game.
 D = Other kills in this place as a percentage of other kills in the entire game.
 E = Experience gained in this place as a percentage of experience gained in the entire game.
 F = Experience gained in this place divided by the number of levels of this place that you have seen.
                   A       B       C       D       E      F
               +-------+-------+-------+-------+-------+----------------------
         Total | 100.0 | 100.0 | 100.0 | 100.0 | 100.0 | 8648.7
       Dungeon |  25.2 |  25.2 |   0.0 |  36.4 |   9.1 | 2591.5
          Lair |  21.2 |  21.4 |   6.7 |  18.2 |  13.9 | 6483.0
        Shoals |  11.2 |  11.1 |  26.7 |   9.1 |  26.7 | 19854.2
     Snake Pit |  14.5 |  14.2 |   6.7 |  30.3 |  31.0 | 23050.8
  Orcish Mines |  16.2 |  16.4 |  20.0 |   3.0 |   5.3 | 4952.2
         Abyss |   5.1 |   4.9 |  40.0 |   0.0 |  10.1 | 9404.0
     Labyrinth |   0.2 |   0.2 |   0.0 |   0.0 |   0.5 | 1768.0
         Sewer |   1.6 |   1.7 |   0.0 |   0.0 |   0.1 | 237.0
        Bailey |   2.1 |   2.2 |   0.0 |   0.0 |   0.2 | 863.0
      Ice Cave |   2.7 |   2.8 |   0.0 |   3.0 |   3.1 | 11521.0
               +-------+-------+-------+-------+-------+----------------------

Vanquished Creatures
  Saint Roka (Snake:4)
  Vashnia (Snake:4)
  Asterion (Snake:4)
  7 tentacled starspawn
  Rupert (Snake:5)
  A spectral weapon (Snake:4)
  The ghost of runewalsh the Gelid, a mighty OpIE of Vehumet (Snake:5)
  Ilsuiw (Shoals:3)
  A frost giant (IceCv)
  Donald (Snake:2)
  4 greater nagas (Snake:5)
  An orc warlord (Orc:4)
  Jorgrun (Shoals:5)
  2 rakshasas (Abyss:2)
  A crystal guardian (Abyss:1)
  14 merfolk javelineers
  An ettin (Orc:4)
  A fire dragon (Lair:8)
  A minotaur (Lab)
  6 merfolk impalers
  8 hydras
  A quicksilver dragon skeleton (Abyss:3)
  9 naga warriors
  6 merfolk avatars
  5 merfolk aquamancers
  Erica (Lair:3)
  A centaur warrior (D:12)
  An alligator snapping turtle (Shoals:5)
  13 anacondas
  A death yak (IceCv)
  4 shock serpents
  2 thrashing horrors
  A satyr (Shoals:4)
  A tengu warrior (D:13)
  4 orc high priests (Orc:4)
  8 naga sharpshooters
  A wretched star (Abyss:1)
  A shadow wraith (Abyss:3)
  Erolcha (D:12)
  A catoblepas (D:13)
  2 unseen horrors
  3 salamander mystics
  7 naga ritualists
  Pikel (D:4)
  7 orc knights
  14 sea snakes
  A hill giant (D:12)
  27 harpies
  10 salamanders
  8 fauns
  10 mana vipers
  10 griffons
  5 orc sorcerers
  A worldbinder (Abyss:3)
  2 cyclopes
  2 ugly things
  4 water nymphs
  2 sixfirhies
  4 centaur zombies
  12 manticores
  32 black mambas
  4 drowned souls
  13 sirens
  5 guardian serpents
  8 elephants
  19 naga magi
  3 smoke demons (Abyss:3)
  3 gargoyles
  An orange demon (Abyss:2)
  10 large abominations
  16 spiny frogs
  3 fire drakes (Lair:8)
  4 centaur skeletons
  4 komodo dragons
  3 trolls
  3 deep elf priests (Abyss:3)
  3 two-headed ogres
  11 polar bears
  2 fire elementals
  3 ancient zymes (Abyss:3)
  Sonja (Shoals:1)
  29 merfolk
  A wind drake (Shoals:5)
  A minotaur skeleton (Lab)
  16 raiju
  2 ravens (D:13)
  14 blink frogs
  A deep elf mage (D:11)
  3 basilisks
  9 snapping turtles
  63 yaks
  A ynoxinul (Abyss:2)
  An ettin skeleton (Abyss:2)
  16 water elementals
  2 shadows
  7 small abominations
  12 hippogriffs
  The ghost of InterDimensionalOwl the Chopper, an average HOBe of Trog (Sewer)
  2 steam dragons (Lair:8)
  Eustachio (D:4)
  3 chaos spawn
  2 wyverns
  18 wolves
  An insubstantial wisp (Abyss:3)
  5 hungry ghosts
  A mottled dragon (Lair:8)
  66 nagas
  3 wargs
  3 swamp drakes (Lair:8)
  2 phantoms
  11 porcupines
  38 water moccasins
  4 slaves (D:4)
  35 orc warriors
  2 ice beasts
  2 sky beasts
  A yellow wasp (D:11)
  25 centaurs
  6 orc zombies (Orc:4)
  A boring beetle (shapeshifter) (Abyss:1)
  9 ogres
  17 crocodiles
  2 big kobolds
  2 boring beetles
  15 giant frogs
  A wyvern skeleton (D:10)
  4 scorpions
  11 killer bees
  9 wights
  4 goliath beetles
  2 electric eels (Lair:3)
  A crimson imp (D:6)
  6 starcursed masses
  5 hounds
  46 orc wizards
  3 jellies
  Crazy Yiuf (D:6)
  2 giant frog skeletons
  20 orc priests
  Natasha (D:4)
  39 sheep
  13 worker ants
  16 iguanas
  Ijyb (D:2)
  29 adders
  14 gnolls
  74 river rats
  2 worker ant zombies
  3 giant mites
  A shadow imp (D:6)
  13 white imps
  2 ufetubi
  3 worms
  3 adder skeletons
  8 giant geckos
  2 oozes
  194 orcs
  8 ball pythons
  24 goblins
  28 hobgoblins
  8 jackals
  17 quokkas
  16 bats
  4 giant cockroaches
  15 giant newts
  A giant spore (D:12)
  A jackal skeleton (D:4)
  33 kobolds
  A lurking horror (Abyss:2)
  A quokka skeleton (D:9)
  28 rats
  A ballistomycete (D:12)
  A fungus (Lair:8)
  11 plants
  5 starspawn tentacles
1593 creatures vanquished.

Vanquished Creatures (collateral kills)
  Louise (Shoals:5)
  The ghost of braks the Arsonist, a powerful DrFE of Sif Muna (Lair:1)
  A satyr (Shoals:5)
  2 large abominations (Abyss:3)
  An ancient zyme (Abyss:3)
  2 merfolk (Shoals:5)
  A shadow (Snake:5)
  A neqoxec (Abyss:3)
  2 orc warriors
  2 starcursed masses (Abyss:3)
  An orc (Orc:4)
  An orc zombie (Orc:4)
16 creatures vanquished.

Vanquished Creatures (others)
  4 greater nagas (Snake:5)
  3 hydras
  2 naga warriors (Snake:5)
  A naga sharpshooter (Snake:5)
  4 sea snakes
  A hill giant (D:12)
  2 harpies
  A cyclops (D:13)
  A manticore (Shoals:2)
  15 drowned souls
  2 black mambas (Lair:1)
  A guardian serpent (Snake:5)
  A naga mage (Snake:5)
  A spiny frog (Lair:1)
  A komodo dragon (Lair:2)
  7 fire elementals
  A polar bear (IceCv)
  A basilisk (Lair:1)
  2 hippogriffs
  A wolf (IceCv)
  An insubstantial wisp (Snake:5)
  9 nagas (Snake:5)
  3 earth elementals
  3 orc warriors
  An ogre (D:4)
  2 killer bees (D:8)
  12 starcursed masses (Snake:5)
  An orc priest (Orc:4)
  An orc wizard (D:7)
  A small abomination (Snake:5)
  12 ufetubi (Snake:5)
  An orc (Orc:1)
  4 fungi (Lair:8)
  7 plants
  10 starspawn tentacles
  64 starspawn tentacle segments
  5 toadstools (D:1)
189 creatures vanquished.

Grand Total: 1798 creatures vanquished

Action                   |  1- 3 |  4- 6 |  7- 9 | 10-12 | 13-15 | 16-18 | 19-21 || total
-------------------------+-------+-------+-------+-------+-------+-------+-------++-------
Melee: Spear             |    81 |   131 |       |       |       |       |       ||   212
       Trident           |       |    45 |   462 |   924 |  2007 |  2081 |   498 ||  6017
       Halberd           |       |       |       |       |    59 |       |       ||    59
       Demon trident     |       |       |       |       |       |       |   237 ||   237
 Cast: Apportation       |       |       |       |       |       |       |     1 ||     1
Invok: Depart the Abyss  |     1 |       |       |       |       |       |       ||     1
       Banish            |       |     1 |     4 |    17 |    17 |       |       ||    39
       Bend Space        |       |       |       |       |     2 |       |       ||     2
       Corrupt           |       |       |       |       |       |     1 |       ||     1
       Enter the Abyss   |       |       |       |       |       |       |     1 ||     1
 Abil: Evoke Berserk Rag |       |       |       |       |     1 |       |       ||     1
Evoke: Wand              |       |       |    18 |    28 |    42 |    20 |     2 ||   110
       Lamp of fire      |       |       |       |       |     2 |     2 |     2 ||     6
       Deck              |       |       |       |       |       |     4 |       ||     4
       Stone of tremors  |       |       |       |       |       |     1 |     1 ||     2
  Use: Scroll            |       |     6 |     6 |    10 |    18 |    16 |     7 ||    63
       Potion            |       |       |     3 |     2 |     7 |     7 |    11 ||    30
 Stab: Sleeping          |     1 |       |       |       |       |       |       ||     1
       Distracted        |       |       |       |     1 |       |     1 |     1 ||     3
       Fleeing           |       |       |       |       |     2 |       |       ||     2
       Paralysed         |       |       |       |       |       |     1 |       ||     1
  Eat: Chunk             |     1 |     6 |    17 |    19 |    49 |    28 |    11 ||   131
       Royal jelly       |       |       |       |     2 |     1 |     1 |       ||     4
       Fruit             |       |       |       |     4 |     8 |    10 |       ||    22
       Pizza             |       |       |       |     2 |       |     3 |     1 ||     6
       Beef jerky        |       |       |       |       |       |     1 |     4 ||     5

Vault maps used:
D:1:      ldierk_walled_garden, hex_tiny
D:2:      kennysheep_six_static_rooms, uniq_iyjb
D:3:      old_standard_altar, first_bread
D:4:      lemuel_blue_sif_altar, minmay_temple_entry_overgrown,
          due_unseen_surprise, uniq_pikel, uniq_natasha, uniq_eustachio
D:5:      lightli_temple_of_fire
D:6:      gup_sewer_entry_glass, uniq_crazy_yiuf_cottage
D:7:      gammafunk_temple_overflow_forgotten, serial_shops, shop
D:8:      basic_altar
D:9:      good_gods_temple_1, nicolae_overflow_crystal_walls,
          grunt_temple_overflow_cloverleaf, david_lair_generic, orc_david_3,
          serial_shops, shop
D:10:     basic_altar
D:11:     enter_bailey_7, basic_altar
D:12:     basic_altar, uniq_erolcha
D:13:     st_stairs_14
Lair:1:   basic_altar, st_stairs_10, guppyfry_lair_drakes
Lair:2:   portal_ice_cave_entry_imps
Lair:3:   elwin_shoals_entry_stream, guppyfry_snake_entry_garden, basic_altar,
          serial_bayou_shore_a, uniq_erica
Lair:4:   st_stairs_5, infiniplex_staircase_pool_2, serial_bayou_shore_b,
          grunt_megastairs_3
Lair:6:   basic_altar
Lair:7:   wad_woods_structure_01, slime_altar_1, infiniplex_staircase_pool
Lair:8:   guppyfry_lair_end_dragon
Shoals:1: uniq_sonja
Shoals:2: serial_shops, shop, nicolae_shoals_water_elemental_grotto
Shoals:3: nicolae_shoals_mertower, uniq_ilsuiw
Shoals:5: shoals_end_simple, shoals_ilsuiw_alternative, uniq_roxanne,
          uniq_jorgrun, uniq_louise
Snake:2:  uniq_donald
Snake:3:  basic_altar
Snake:4:  hangedman_snake_thin_pillar_pass, nrook_loot_triangle,
          uniq_saint_roka, uniq_asterion, uniq_vashnia
Snake:5:  grunt_snake_rune_pools, uniq_rupert
Orc:1:    basic_altar
Orc:3:    serial_shops, nicolae_shop_behind_doors, nicolae_orc_pool_cavern,
          abandoned_shop
Orc:4:    lab_entry_generic, serial_shops, shop, st_orc_congregation,
          statue_in_the_mist_lemuel
Abyss:1:  evilmike_abyss_exit_10
Abyss:3:  hangedman_abyss_overflow_altar, hangedman_abyss_rune_macabre_mess,
          minivault_27
Lab:      lab_statue, nicolae_lab_x
Sewer:    sewer_co_cracked_pipes
Bailey:   bailey_axe_2, bailey
IceCv:    ice_cave_caverns_03
